 Dungeon Crawl Stone Soup version 0.27-a0-1590-g15f69828bf (webtiles) character file.

Game seed: 859657807131652915

280 flotson the Sneak (level 6, -1/48 HPs)
             Began as a Demonspawn Delver on July 18, 2021.
             Slain by an ogre (31 damage)
             ... on level 4 of the Dungeon.
             The game lasted 00:04:15 (3021 turns).

flotson the Sneak (Demonspawn Delver)               Turns: 3021, Time: 00:04:16

Health: -1/48      AC:  5    Str: 14    XL:     6   Next: 5%
Magic:  6/6        EV: 11    Int: 11    God:
Gold:   150        SH:  5    Dex: 15    Spells: 5/5 levels left

rFire    . . .     SeeInvis .   h - +1 hand axe (distort)
rCold    . . .     Faith    .   (no shield)
rNeg     . . .     Spirit   .   k - +0 ring mail
rPois    .         Reflect  +   (no helmet)
rElec    .         Harm     .   (no cloak)
rCorr    .         Rampage  .   (no gloves)
Will     .....                  (no boots)
Stlth    ++........             b - amulet of reflection
HPRegen  0.16/turn              (no ring)
MPRegen  0.10/turn              (no ring)

@: no status effects
A: talons 2, demonic guardian 2
a: no special abilities


You were on level 4 of the Dungeon.
You visited 1 branch of the dungeon, and saw 5 of its levels.

You collected 150 gold pieces.

Inventory:

Hand Weapons
 h - a +1 hand axe of distortion (weapon)
Missiles
 e - 13 poisoned darts (quivered)
 q - 5 boomerangs
Armour
 k - a +0 ring mail (worn)
Jewellery
 b - an amulet of reflection (around neck)
Wands
 g - a wand of digging (3)
 r - a wand of mindburst (9)
Scrolls
 a - 2 scrolls of magic mapping
 c - 2 scrolls of fog
 i - 2 scrolls of identify {unknown}
 l - 2 scrolls of blinking {unknown}
 m - 2 scrolls of enchant weapon {unknown}
 n - a scroll of summoning {unknown}
 p - a scroll of teleportation {unknown}
Potions
 d - 5 potions of curing {unknown}
 f - a potion of haste
 j - a potion of might {unknown}
 o - a potion of ambrosia {unknown}
 s - a potion of brilliance {unknown}
 t - a potion of attraction {unknown}


   Skills:
 + Level 3.9 Fighting
 + Level 2.9 Axes
 + Level 2.1 Throwing
 + Level 2.1 Armour
 + Level 3.0 Dodging
 - Level 4.5 Stealth
 + Level 0.9 Evocations


You had 5 spell levels left.
You didn't know any spells.
Your spell library was empty.

Dungeon Overview and Level Annotations

Branches:
Dungeon (5/15)
 Temple: D:4-7

Altars:
Ru
Yredelemnul


Innate Abilities, Weirdness & Mutations

You have razor-sharp toenails.
A demonic guardian rushes to your aid.


Message History

You now have 130 gold pieces (gained 6).
You now have 137 gold pieces (gained 7).
Found an escape hatch in the ceiling.
Found an orange potion.
Found a stone staircase leading down.
s - an orange potion
Found an escape hatch in the floor.
There is a stone staircase leading down here.
Found a bubbling puce potion.
An endoplasm comes into view.
Found a scroll labelled QECILETZIGI and a robe.
Found 13 gold pieces.
Found a scroll labelled IFI LOD SULOUH.
Found a stone staircase leading up.
Found a short iron wand.
The endoplasm quivers.
The endoplasm hits you but does no damage.
You slash the endoplasm!
You kill the endoplasm!
No target in view!
No target in view!
No target in view!
No target in view!
No target in view!
No target in view!
l - 2 scrolls labelled QECILETZIGI (gained 1)
You now have 150 gold pieces (gained 13).
m - 2 scrolls labelled IFI LOD SULOUH (gained 1)
Found a grey potion.
t - a bubbling puce potion
Found 21 stones and 14 gold pieces.
An ogre comes into view. It is wielding a +0 giant club.
You see here a grey potion.
You hit the ogre.
Space bends around the ogre.
Your kick misses the ogre.
The ogre is moderately wounded.
The ogre hits you with a +0 giant club!!
You barely miss the ogre. You claw the ogre.
The ogre is heavily wounded.
The ogre hits you with a +0 giant club!!
Ouch! That really hurt!
You die...

................#.####..........
#.###########.....## ##.....<..#
#......####.........
#####...........########
..........#####..#######
#####+..#.# ##........ #..#.#
######... #.!#.# #>.. #.@..#
#... #.O...# #... #.....# #...
#(..$.# #... #.....# ####
#.....# +.....# ..#...#


You could see an ogre.

Vanquished Creatures
  A howler monkey (D:4)
  Terence (D:2)
  A scorpion zombie (D:4)
  2 gnolls (D:4)
  7 adders
  A worm (D:2)
  A dart slug (D:2)
  6 ball pythons (D:2)
  7 endoplasms
  2 giant cockroaches (D:2)
  6 goblins
  6 hobgoblins
  11 jackals
  A quokka (D:1)
  2 frilled lizards
  3 kobolds (D:2)
  4 rats
62 creatures vanquished.

Notes
Turn   | Place    | Note
-------+----------+-------------------------------------------
     0 | D:5      | flotson the Demonspawn Delver began the quest for the Orb.
     0 | D:5      | Reached XP level 1. HP: 18/18 MP: 1/1
    18 | D:5      | Noticed a howler monkey
    68 | D:4      | Noticed a gnoll shaman
   118 | D:4      | Found a basalt altar of Yredelemnul.
   185 | D:3      | Gained mutation: A weak demonic guardian rushes to your
                  | aid. [demonic ancestry]
   185 | D:3      | Reached XP level 2. HP: 12/24 MP: 2/2
   462 | D:3      | Reached XP level 3. HP: 29/29 MP: 3/3
   488 | D:2      | Reached skill level 1 in Armour
   500 | D:2      | Reached skill level 1 in Throwing
  1681 | D:2      | Noticed Terence
  1690 | D:2      | Killed Terence
  1691 | D:2      | Gained mutation: You have sharp toenails. [demonic
                  | ancestry]
  1691 | D:2      | Reached XP level 4. HP: 29/35 MP: 4/4
  1837 | D:2      | Found a sacrificial altar of Ru.
  2441 | D:3      | Gained mutation: You have razor-sharp toenails. [demonic
                  | ancestry]
  2441 | D:3      | Reached XP level 5. HP: 42/42 MP: 5/5
  2508 | D:3      | Found a sacrificial altar of Ru.
  2758 | D:4      | Gained mutation: A demonic guardian rushes to your aid.
                  | [demonic ancestry]
  2758 | D:4      | Reached XP level 6. HP: 24/48 MP: 6/6
  3021 | D:4      | Slain by an ogre

Illustrated notes

Levels and vault maps discovered:
D:1:      heliophobic_arrival_enchanted_forest, layout_basic
D:2:      layout_loops_cross, basic_altar, serial_forest,
          infiniplex_forest_lined_3, infiniplex_forest_clump_curved,
          infiniplex_forest_lined_room_3, infiniplex_forest_straight_4,
          infiniplex_forest_corner_2, infiniplex_forest_end_double,
          infiniplex_forest_lined_2, infiniplex_forest_lined_1, moated_statue,
          uniq_terence
D:3:      layout_rooms, nicolae_ru_the_path_less_chosen
D:4:      layout_rooms, kennysheep_mini, zin_angel, minivault_11,
          kennysheep_minor_cross, kennysheep_generic_room_4
D:5:      layout_loops_ring, minmay_misc_feat_encased, nicolae_zen_rock_garden

Skill      XL: |  1  2  3  4  5 |
---------------+----------------+-----
Axes           | 2 |  2.9
Dodging        | 2 3 |  3.0
Armour         | 1 2 |  2.1
Throwing       | 1 2 |  2.1
Fighting       | |  3.9
Stealth        | |  4.5
Evocations     | |  0.9

Action                   |  1- 3 |  4- 6 || total
-------------------------+-------+-------++-------
Melee: Hand axe          |    71 |    62 ||   133
       Kick              |       |    15 ||    15
Throw: Dart              |       |    11 ||    11
  Use: Scroll            |     2 |       ||     2
 Stab: Sleeping          |     8 |     1 ||     9
Armor: Leather armour    |    12 |       ||    12
       Ring mail         |     4 |    13 ||    17
Dodge: Dodged            |    43 |    20 ||    63
Block: Other             |     5 |     9 ||    14

Table legend: (Time is in decaauts)
 A = Elapsed time spent in this place.
 B = Non-inter-level travel time spent in this place.
 C = Inter-level travel time spent in this place.
 D = Time resting spent in this place.
 E = Time spent auto-exploring this place.
 F = Levels seen in this place.
 G = Mean time per level.
                   A        B        C        D        E       F      G
               +--------+--------+--------+--------+--------+-----+--------+
         Total |   3045 |   2845 |    200 |      0 |   2301 |   5 |  609.0 |
       Dungeon |   3045 |   2845 |    200 |      0 |   2301 |   5 |  609.0 |
               +--------+--------+--------+--------+--------+-----+--------+

Top non-repeatable levels by time:
     D:2: 1043 daAuts
     D:1: 802 daAuts
     D:3: 677 daAuts
     D:4: 453 daAuts
     D:5: 68 daAuts
